AoeStats
← [KMNB] Bandeira

Coastal Forest

510292858Analyzed
2v2 RM · 1d ago on Sep 30, 2026· 27m 41s· 4 players
Game mode
Random Map
Map size
Medium (4 player)
Population
200
Speed
Normal
Resources
Standard
Victory
Conquest
Starting age
Dark Age
Ending age
Imperial Age
RankedLock teamsTeams togetherTeam positionsShared explorationLock speedFull tech treeHidden civsTurbo modeCheats
Victory
Defeat
🇧🇷 Magyars · Brazil
1540
+15
🇧🇷 Britons · Brazil
1470
+18
🇦🇺 Ethiopians · Australia
1528
-17
🇦🇺 Danes · Australia
1499
-16
[KMNB] Dedão
6:39 Loom
9:21 Feudal Age
9:57 Double-Bit Axe
13:49 Fletching
16:14 Padded Archer Armor
19:32 Wheelbarrow
22:39 Castle Age
20:46 Gold Mining
20:48 Horse Collar
22:44 Crossbowman
23:26 Bodkin Arrow
26:43 Ballistics
27:09 Bow Saw
[KMNB] Bandeira
3:52 Loom
9:10 Feudal Age
12:45 Double-Bit Axe
13:30 Horse Collar
18:06 Scale Barding Armor
21:54 Castle Age
21:51 Bloodlines
21:50 Gold Mining
21:56 Light Cavalry
23:01 Chain Barding Armor
Timoisgr8
7:16 Loom
10:08 Feudal Age
11:46 Double-Bit Axe
13:47 Fletching
17:30 Padded Archer Armor
20:34 Castle Age
22:05 Bow Saw
23:29 Crossbowman
24:07 Bodkin Arrow
24:27 Leather Archer Armor
Kwisatz Haderach
5:53 Loom
9:24 Feudal Age
11:50 Double-Bit Axe
19:06 Castle Age
19:30 Scale Mail Armor
19:53 Gambesons
20:27 Chain Mail Armor
21:06 Squires
Connection lost

Rejoining the realm…

Still unreachable

The connection could not be restored.

Session expired

The server has moved on; the page needs a fresh start.